 Dungeon Crawl Stone Soup version 0.30-a0-956-gcec3b41aec (webtiles) character file.

Game seed: 3377992125397985903

606 billz999 the Covert (level 7, -2/36 HPs)
             Began as a Kobold Enchanter on Mar 30, 2023.
             Was an Initiate of Gozag.
             Slain by an orc
             ... wielding a +1 heavy mace
              (3 damage)
             ... on level 5 of the Dungeon.
             The game lasted 00:08:09 (4064 turns).

billz999 the Covert (Kobold Enchanter)              Turns: 4064, Time: 00:08:11

Health: -2/36      AC:  5    Str:  5    XL:     7   Next: 70%
Magic:  7/11       EV: 15    Int: 18    God:    Gozag
Gold:   276        SH:  0    Dex: 16    Spells: 4/12 levels left

rFire   . . .      SeeInvis .    u - +8 short sword of Nenirghie {vamp, rElec}
rCold   . . .      Faith    +    (no shield)
rNeg    . . .      Spirit   .    b - +0 robe
rPois   .          Reflect  .    (no helmet)
rElec   +          Rampage  .    f - +1 cloak
rCorr   .                        e - +0 pair of gloves
Will    .....                    (no boots)
Stlth   +++++                    k - amulet of faith
HPRegen 0.26/turn                (no ring)
MPRegen 0.12/turn                (no ring)

@: gold aura
A: small, no large weapons, nightstalker 3
a: Renounce Religion, Potion Petition, Call Merchant, Bribe Branch


You were on level 5 of the Dungeon.
You worshipped Gozag.
Gozag was aware of your devotion.
You visited 1 branch of the dungeon, and saw 5 of its levels.

You collected 348 gold pieces.
You paid 72 gold pieces to Gozag.

Inventory:

Hand Weapons
 a - a +1 dagger
 r - a +0 dagger of draining
 u - the +8 short sword of Nenirghie (weapon) {vamp, rElec}
   (You found it on level 5 of the Dungeon)

   rElec:     It insulates you from electricity.
Missiles
 q - a throwing net (quivered)
Armour
 b - a +0 robe (worn)
 e - a +0 pair of gloves (worn)
 f - a +1 cloak (worn)
Magical Staves
 n - a staff of earth
Jewellery
 k - an amulet of faith (around neck)
 w - a +6 ring of strength
Scrolls
 h - a scroll of amnesia
 i - a scroll of poison
 j - a scroll of enchant armour {unknown}
 l - a scroll of teleportation
 m - a scroll of noise {unknown}
 o - a scroll of fog {unknown}
 s - 4 scrolls of identify
Potions
 c - a potion of invisibility
 d - a potion of resistance {unknown}
 g - a potion of degeneration {unknown}
 p - 3 potions of attraction {unknown}
 t - 2 potions of berserk rage {unknown}
 v - a potion of haste {unknown}


   Skills:
 + Level 3.2 Short Blades
 - Level 2.4 Dodging
 - Level 8.6 Stealth
 - Level 3.0 Spellcasting
 - Level 5.0 Hexes
 - Level 2.0 Ice Magic


You had 4 spell levels left.
You knew the following spells:

 Your Spells              Type           Power      Damage    Failure   Level
a - Ensorcelled Hibernat  Hex/Ice        30%        N/A       6%          2
b - Tukima's Dance        Hex            20%        N/A       6%          3
c - Confusing Touch       Hex            20%        N/A       6%          3

Your spell library contained the following spells:

 Spells                   Type           Power      Damage    Failure   Level
 Dazzling Flash           Conj/Hex       22%        N/A       17%         3
 Lesser Beckoning         Tloc           4%         N/A       24%         2
 Gell's Gravitas          Tloc           2%         N/A       43%         3
 Teleport Other           Tloc           2%         N/A       43%         3
 Chain Lightning          Conj/Air       1%         3d1       100%        9
 Fire Storm               Conj/Fire      1%         7d1       100%        9
 Shatter                  Erth           1%         3d5*      100%        9


Dungeon Overview and Level Annotations

Branches:
Dungeon (5/15)
 Temple: D:4-7

Altars:
Gozag
Nemelex Xobeh

Annotations:
D:3 dialectric's ghost, amateur DsFi
D:5 Eustachio


Innate Abilities, Weirdness & Mutations

You are small and have problems with some larger weapons.
You are completely attuned to the shadows.


Message History

The sleepcap releases spores at the orc wizard.
The orc wizard is engulfed in a cloud of soporific spores!
The sleepcap releases spores at itself.
An orc priest comes into view. It is wielding a +0 morningstar.
You hit the sleepcap.
The sleepcap is heavily damaged.
Eustachio mumbles some strange words.
Eustachio blinks!
The orc priest calls upon Beogh to heal the orc wizard.
The orc wizard's wounds heal themselves!
You strike the helpless sleepcap from behind!
You puncture the sleepcap!
You feel better.
You destroy the sleepcap!
Casting: Confusing Touch (dangerous; 6% risk of failure)
Confirm with . or Enter, or press ? or * to list all spells.
Aiming: Ensorcelled Hibernation (safe; 6% risk of failure)
Press: ? - help, Shift-Dir - straight line, f - orc wizard
Aim: an orc wizard, wielding a +0 dagger and wearing a +0 robe (chance to affect: 49%)
The orc wizard looks drowsy...
Unknown command.
The helpless orc wizard fails to defend itself.
You stick the orc wizard like a pincushion!!!
You feel better.
You kill the orc wizard!
Your Short Blades skill increases to level 3!
You closely miss the orc. You hit the orc.
The orc is severely wounded.
The orc hits you with a +1 heavy mace!
The orc priest invokes the aid of Beogh against you.
Beogh smites you!
You barely miss the orc.
The orc is heavily wounded.
The sentinel's mark upon you fades away.
The orc priest calls down the wrath of Beogh upon you.
Beogh smites you!
* * * LOW HITPOINT WARNING * * *
The orc hits you with a +1 heavy mace.
You die...
Your body crumbles into a pile of gold.

####.......
............
##..........
##.........
###......# ...
#...### ##.## #####
###..####... ....##
##.##....#
###..#####..#.##@###
......)......o@o.....
##............###.###
...####....)........
$$$ ..##
####..#....... $ $
.#########...o....
$$$
...........#......
#...........##....
##.......##)##....


You could see Eustachio, an orc priest and an orc.

Vanquished Creatures
  A water moccasin zombie (D:4)
  A gnoll sergeant (D:5)
  2 scorpions (D:5)
  A howler monkey (D:4)
  2 hounds
  A sleepcap (D:5)
  2 iguanas (D:4)
  2 orc wizards
  3 adders
  4 gnolls (D:5)
  A shadow imp (D:5)
  3 worms
  2 dart slugs
  5 orcs
  8 endoplasms
  A giant cockroach (D:2)
  6 goblins
  8 hobgoblins
  A quokka (D:3)
  5 ball pythons
  3 bats
  3 frilled lizards
  7 kobolds
  4 rats
76 creatures vanquished.

Notes
Turn   | Place    | Note
-------+----------+-------------------------------------------
     0 | D:1      | billz999 the Kobold Enchanter began the quest for the Orb.
     0 | D:1      | Reached XP level 1. HP: 10/10 MP: 3/3
   351 | D:1      | Reached XP level 2. HP: 15/15 MP: 5/5
   354 | D:1      | Learned a level 2 spell: Ensorcelled Hibernation
   648 | D:1      | Reached skill level 1 in Ice Magic
   903 | D:2      | Reached XP level 3. HP: 19/19 MP: 6/6
   914 | D:2      | Reached skill level 5 in Stealth
  1403 | D:2      | Reached XP level 4. HP: 24/24 MP: 4/7
  2068 | D:3      | Found a sparkling altar of Nemelex Xobeh.
  2625 | D:3      | Learned a level 3 spell: Tukima's Dance
  2629 | D:3      | Learned a level 3 spell: Confusing Touch
  2696 | D:4      | Reached XP level 5. HP: 28/28 MP: 6/9
  3038 | D:4      | Reached XP level 6. HP: 29/32 MP: 5/10
  3127 | D:4      | Reached skill level 5 in Hexes
  3267 | D:4      | Found an opulent altar of Gozag.
  3275 | D:4      | Became a worshipper of Gozag Ym Sagoz the Greedy
  3334 | D:4      | Found a runed translucent gate.
  3335 | D:4      | Found a runed translucent gate.
  3337 | D:4      | Found a runed translucent gate.
  3479 | D:4      | Reached skill level 6 in Stealth
  3482 | D:4      | Noticed dialectric's ghost (amateur DsFi)
  3769 | D:5      | Entered Level 5 of the Dungeon
  3772 | D:5      | Reached skill level 7 in Stealth
  3777 | D:5      | Reached XP level 7. HP: 26/36 MP: 7/11
  3854 | D:5      | Reached skill level 8 in Stealth
  4005 | D:5      | Identified the +8 short sword of Nenirghie {vamp, rElec}
  4055 | D:5      | Noticed Eustachio
  4064 | D:5      | HP: 1/36 [orc priest/divine providence (13)]
  4064 | D:5      | Slain by an orc

Illustrated notes

Levels and vault maps discovered:
D:1:      eino_arrival_cavern_e, layout_basic, kennysheep_nondescript
D:2:      layout_basic, dreamdust_mushroom_princess
D:3:      layout_basic, nemelex_xobeh_ov_fountains_minmay
D:4:      layout_rooms, nicolae_gozag_cash_rules_everything_around_me,
          gammafunk_ghost_necromancy
D:5:      layout_rooms, serial_shops, shop_coins,
          nicolae_elevator_lobby_asterisk, uniq_eustachio

Skill      XL: |  1  2  3  4  5  6  7 |
---------------+----------------------+-----
Ice Magic      | 2 |  2.0
Stealth        | 5 7 8 |  8.6
Spellcasting   | 3 |  3.0
Hexes          | 4 5 |  5.0
Short Blades   | 3 |  3.2
Dodging        | |  2.4

Action                     |  1- 3 |  4- 6 |  7- 9 || total
---------------------------+-------+-------+-------++-------
  Melee: Dagger            |    61 |   110 |    10 ||   181
         Punch             |       |     1 |       ||     1
         Short sword       |       |       |    12 ||    12
   Cast: Ensorcelled Hiber |    10 |    29 |     4 ||    43
         Confusing Touch   |       |     6 |     2 ||     8
    Use: Scroll            |     1 |     3 |       ||     4
         Potion            |       |     3 |       ||     3
   Stab: Sleeping          |    15 |    34 |     7 ||    56
         Confused          |       |     3 |     1 ||     4
 Armour: Robe              |     6 |    10 |     2 ||    18
  Dodge: Dodged            |    43 |    83 |    11 ||   137

Table legend: (Time is in decaauts)
 A = Elapsed time spent in this place.
 B = Non-inter-level travel time spent in this place.
 C = Inter-level travel time spent in this place.
 D = Time resting spent in this place.
 E = Time spent auto-exploring this place.
 F = Levels seen in this place.
 G = Mean time per level.
                   A        B        C        D        E       F      G
               +--------+--------+--------+--------+--------+-----+--------+
         Total |   4051 |   3969 |     82 |    224 |   3073 |   5 |  810.2 |
       Dungeon |   4051 |   3969 |     82 |    224 |   3073 |   5 |  810.2 |
               +--------+--------+--------+--------+--------+-----+--------+

Top non-repeatable levels by time:
     D:3: 1027 daAuts
     D:4: 990 daAuts
     D:2: 913 daAuts
     D:1: 828 daAuts
     D:5: 292 daAuts
